 Dungeon Crawl Stone Soup version 0.29-a0-495-g17b79114eb (webtiles) character file.

Game seed: 13113396685730022815

250 spiderkeys the Ducker (level 5, 0/24 (25) HPs)
             Began as a Felid Abyssal Knight on May 28, 2022.
             Was an Elder of Lugonu.
             Slain by a wight
             ... wielding a +5 war axe
              (10 damage)
             ... on level 6 of the Dungeon.
             The game lasted 00:08:35 (6887 turns).

spiderkeys the Ducker (Felid Abyssal Knight)        Turns: 6887, Time: 00:08:36

HP:   0/24 (25)     AC:  2    Str:  9    XL:     5   Next: 88%
MP:   9/9           EV: 20    Int: 13    God:    Lugonu [****..]
Gold: 274           SH:  0    Dex: 17    Spells: 2/4 levels left
                                        Lives: 0   Deaths: 2

rFire   . . .      SeeInvis +     - Unarmed
rCold   + . .      Faith    .   (shield unavailable)
rNeg    . . .      Spirit   .   (body armour unavailable)
rPois   +          Reflect  .   (helmet unavailable)
rElec   .          Harm     .   (cloak unavailable)
rCorr   .          Rampage  .   (gloves unavailable)
Will    .....                   (boots unavailable)
Stlth   ++........              (no amulet)
HPRegen 0.08/turn               P - ring of poison resistance
MPRegen 0.11/turn               C - ring of protection from cold

@: lightly drained, quick
A: very small, claws 1, fangs 3, see invisible, speed 1, shaggy fur 2, stealthy
paws, no weapons or thrown items, no armour, multi-lived
a: Renounce Religion, Depart the Abyss, Bend Space, Banish, Corrupt


You were on level 6 of the Dungeon.
You worshipped Lugonu.
Lugonu was greatly pleased with you.
You visited 1 branch of the dungeon, and saw 6 of its levels.
You visited the Abyss 1 time.

You collected 274 gold pieces.


Innate Abilities, Weirdness & Mutations

You have sharp claws.
You have razor-sharp teeth.
You have supernaturally acute eyesight. (SInv)
You cover ground quickly. (Speed+)
You are covered in thick fur. (AC +2)
Your paws help you pounce on unaware monsters.
You are incapable of wielding weapons or throwing items.
You cannot wear armour.
You gain extra lives every three experience levels.


   Skills:
 + Level 4.7 Fighting
 + Level 5.8 Dodging
 + Level 2.0 Stealth
 + Level 4.2 Unarmed Combat
 - Level 0.3 Spellcasting
 + Level 4.7 Hexes
 + Level 4.0 Invocations


You had 2 spell levels left.
You knew the following spells:

 Your Spells              Type           Power      Damage    Failure   Level
e - Ensorcelled Hibernat  Hex/Ice        12%        N/A       17%         2

Your spell library contained the following spells:

 Spells                   Type           Power      Damage    Failure   Level
 Spider Form              Tmut/Pois      0%         N/A       65%         3
 Anguish                  Hex/Necr       3%         N/A       75%         4

Inventory:

Jewellery
 C - a ring of protection from cold (right paw)
   (You found it on level 3 of the Dungeon)
 P - a ring of poison resistance (left paw)
   (You found it on level 3 of the Dungeon)
 R - a ring of resist corrosion
   (You found it on level 3 of the Dungeon)
Wands
 a - a wand of polymorph (11)
   (You found it on level 3 of the Dungeon)
Scrolls
 d - a scroll of identify {@r1}
 i - a scroll of torment {!r}
 k - a scroll of noise {!r}
Potions
 b - a potion of brilliance
 c - a potion of curing {@q1}
 g - a potion of magic {unknown}
 h - a potion of haste {@q3}
 j - a potion of mutation {!q}
Miscellaneous
 f - a lightning rod (3/4)
   (You found it on level 3 of the Dungeon)

Dungeon Overview and Level Annotations

Branches:
Dungeon (6/15)             Temple (0/1) D:6

Altars:
Dithmenos
Fedhas
Gozag
Hepliaklqana
Ru

Shops:
D:6

! ########### #.......@.######
#......zzz.....#
#..........###.# #..........#
#.# #..........###.#
#............#z#
#####.........##.#z#######.#
#................#.z.zzz...#
###...#.........#..########..#


You could see 3 wights.


Message History

😮 HP[+1]
As you read the scroll of identify {@r1}, it crumbles to dust.
h - a potion of haste Your surroundings suddenly seem different.
Key pressed, stopping explore.
Key pressed, stopping explore.
Key pressed, stopping explore. 2 orcs come into view. 😎 HP[+8]
Your hp is fully restored (23).
There are monsters nearby!
The helpless orc fails to defend itself.
You mangle the orc!!
You kill the orc!
Lugonu accepts your kill.
The orc shouts!
You hear a shout! x2
Things that are here:
a +0 hand axe; a +0 leather armour An orc comes into view.
It is wielding a +0 whip.
The orc shouts!
The orc moves out of view.
You scratch the orc. The orc barely misses you.
You barely miss the orc. Your bite misses the orc. The orc misses you.
You closely miss the orc. The orc closely misses you.
A wight comes into view. It is wielding a +5 war axe.
You scratch the orc.
You kill the orc!
Lugonu accepts your kill.
You now have 24 max hp (+1).
You closely miss the wight. Your bite misses the wight.
An orc comes into view. It is wielding a +0 dagger.
The wight misses you.
You barely miss the wight. You bite the wight. The wight barely misses you.
You barely miss the wight. The wight closely misses you.
You closely miss the wight. The wight closely misses you.
You closely miss the wight.
A wight comes into view. It is wielding a +0 falchion of venom.
The wight closely misses you.
You scratch the wight but do no damage. You bite the wight, but do no damage.
A wight comes into view. It is wielding a +1 vampiric battleaxe.
The wight closely misses you.
You barely miss the wight. You closely miss the wight.
The wight closely misses you. 😎 HP[+1]
Your hp is fully restored (24).
You barely miss the wight. The wight barely misses you.
You scratch the wight but do no damage. The wight completely misses you.
You scratch the wight. The wight closely misses you.
You scratch the wight. The wight closely misses you.
You scratch the wight. Your bite misses the wight.
The wight closely misses you.
You barely miss the wight.
The wight hits you with a +0 long sword. 😕 HP[-1]
You take 1 damage, and now have 23/24 hp.
You scratch the wight but do no damage. Your bite misses the wight.
The wight barely misses you.
You closely miss the wight.
The wight hits you with a +0 long sword. 😮 HP[-5]
You take 5 damage, and now have 18/24 hp.
MASSIVE DAMAGE!! (PAUSE)
You scratch the wight.
You destroy the wight!
Lugonu accepts your kill.
Your lightning rod (3/4) has regained one charge.
Your life force feels restored.
Your Stealth skill increases to level 2!
Your Invocations skill increases to level 4!
You now have 25 max hp (+1).
You scratch the orc but do no damage.
The orc hits you with a +0 whip. 😮 HP[-4]
You take 4 damage, and now have 14/25 hp.
You scratch the orc. You bite the orc.
You kill the orc!
Lugonu accepts your kill.
You claw the orc!
You kill the orc!
Lugonu accepts your kill.
Things that are here:
a +0 hand axe; a +0 leather armour; 😮 HP[+1] 😮 MP[+1]
Your mp is fully restored (9). 😮 HP[+1]
The wight completely misses you. The wight barely misses you.
The wight misses you.
You scratch the wight. The wight closely misses you. The wight misses you.
The wight barely misses you.
You barely miss the wight. You bite the wight. The wight misses you.
The wight hits you with a +0 falchion of venom.
* * * LOW HITPOINT WARNING * * *
You feel drained.
* * * LOW HITPOINT WARNING * * *
The wight closely misses you. 😨 HP[-6]
You now have 24 max hp (-1).
You take 6 damage, and now have 10/24 hp.
MASSIVE DAMAGE!! (PAUSE)
You scratch the wight. The wight hits you with a +5 war axe!
You die...

Skill      XL: |  1  2  3  4  5  6  7 |
---------------+----------------------+-----
Invocations    | 2 4 |  4.0
Stealth        | 1 2 |  2.0
Dodging        | 4 5 |  5.8
Hexes          | 2 3 4 |  4.7
Unarmed Combat | 3 4 |  4.2
Fighting       | 4 |  4.7
Spellcasting   | |  0.3

Action                   |  1- 3 |  4- 6 |  7- 9 || total
-------------------------+-------+-------+-------++-------
Melee: Unarmed           |   107 |   217 |    57 ||   381
       Bite              |    14 |    22 |     8 ||    44
       Punch             |     1 |     6 |     2 ||     9
 Cast: Ensorcelled Hiber |       |     3 |     4 ||     7
Invok: Bend Space        |       |     2 |     2 ||     4
Evoke: Wand              |     2 |     2 |       ||     4
       Lightning rod     |       |     4 |       ||     4
  Use: Scroll            |     4 |     5 |       ||     9
       Potion            |       |     3 |     1 ||     4
 Stab: Sleeping          |     5 |     4 |     1 ||    10
       Distracted        |       |     1 |       ||     1
Armor: Skin              |     1 |    16 |     3 ||    20
Dodge: Dodged            |    69 |   183 |    58 ||   310

Levels and vault maps discovered:
D:1:      heliophobic_arrival_ceremonial_halls, layout_basic
D:2:      layout_basic, dk_noncrumbling_2, hangedman_decor_slide_cut
D:3:      minmay_octagon_keep, layout_loops_corners,
          nicolae_dithmenos_through_a_glass_darkly
D:4:      layout_basic, mainiacjoe_overflow_catwalk,
          nicolae_hepliaklqana_monster_ancestors
D:5:      layout_gridville, lemuel_doored_altar, kennysheep_pointless_box
D:6:      layout_basic, mainiacjoe_overflow_concentric_impassable,
          grunt_gozag_statues, minmay_temple_entry_statues, serial_shops,
          nicolae_shop_hallway_plus

Notes
Turn   | Place    | Note
-------+----------+-------------------------------------------
     0 | Abyss:1  | spiderkeys the Felid Abyssal Knight began the quest for the
                  | Orb.
     0 | Abyss:1  | Reached XP level 1. HP: 10/10 MP: 3/3
     0 | Abyss:1  | magus.rc [v1.11.3]
    13 | D:1      | You pass through the gate.
    13 | D:1      | Escaped the Abyss
   801 | D:1      | HP: 2/10 [frozen (2)]
  1139 | D:1      | Reached skill level 2 in Invocations
  1139 | D:1      | Reached XP level 2. HP: 14/14 MP: 4/4
  1326 | D:1      | Reached skill level 1 in Stealth
  1577 | D:2      | You pick up a book of Dreams and begin reading...
  1577 | D:2      | You add the spells Ensorcelled Hibernation, Spider Form and
                  | Anguish to your library.
  2170 | D:2      | Reached XP level 3. HP: 11/17 MP: 5/5
  2173 | D:2      | Learned a level 2 spell: Ensorcelled Hibernation
  3060 | D:3      | Noticed a sky beast
  3065 | D:3      | Killed a sky beast
  3065 | D:3      | Reached *** piety under Lugonu
  3066 | D:3      | Reached skill level 4 in Dodging
  3066 | D:3      | Reached skill level 2 in Hexes
  3066 | D:3      | Reached XP level 4. HP: 22/22 MP: 5/7
  3066 | D:3      | Reached XP level 5. HP: 25/25 MP: 5/8
  3097 | D:3      | Reached skill level 3 in Unarmed Combat
  3463 | D:3      | HP: 9/37 [poisoned by a scorpion]
  3464 | D:3      | Reached skill level 4 in Fighting
  3464 | D:3      | Reached skill level 3 in Hexes
  3464 | D:3      | Reached skill level 3 in Invocations
  3973 | D:3      | Found a shadowy altar of Dithmenos.
  4123 | D:3      | Gained mutation: You are covered in thick fur. (AC +2)
                  | [Felid growth]
  4123 | D:3      | Reached XP level 6. HP: 19/28 MP: 9/9
  4738 | D:4      | Found a blossoming altar of Fedhas.
  4899 | D:4      | Found a hazy altar of Hepliaklqana.
  5018 | D:4      | Reached skill level 5 in Dodging
  5547 | D:5      | Entered Level 5 of the Dungeon
  5596 | D:5      | HP: 6/28 [scorpion (3)]
  5599 | D:5      | Noticed a water moccasin
  5601 | D:5      | Reached skill level 4 in Hexes
  5603 | D:5      | Killed a water moccasin
  5604 | D:5      | Reached XP level 7. HP: 15/33 MP: 3/10
  5770 | D:6      | Reached **** piety under Lugonu
  5897 | D:6      | Reached skill level 4 in Unarmed Combat
  6208 | D:6      | Found a sacrificial altar of Ru.
  6240 | D:6      | Found an opulent altar of Gozag.
  6249 | D:6      | Found a staircase to the Ecumenical Temple.
  6415 | D:6      | Killed from afar by a centaur
  6416 | D:6      | Reached XP level 6. HP: -7/29 MP: 9/9
  6531 | D:6      | Found Facsa's Distillery.
  6599 | D:6      | Noticed an ice beast
  6620 | D:6      | HP: 6/29 [ice beast (4)]
  6622 | D:6      | Slain by an ice beast
  6623 | D:6      | Reached XP level 5. HP: 0/25 MP: 8/8
  6858 | D:6      | Reached skill level 2 in Stealth
  6858 | D:6      | Reached skill level 4 in Invocations
  6887 | D:6      | Slain by a wight

Vanquished Creatures
  A water moccasin (D:5)
  A sky beast (D:3)
  2 scorpions
  A wight (D:6)
  A jelly (D:6)
  4 hounds
  An orc priest (D:6)
  2 iguanas (D:4)
  A gnoll (D:6)
  6 adders
  2 worms (D:3)
  2 dart slugs
  16 orcs
  4 ball pythons
  6 bats
  6 endoplasms
  4 giant cockroaches
  5 goblins
  5 hobgoblins
  6 jackals
  6 kobolds
  3 frilled lizards
  8 rats
  A spectral orc (D:4)
94 creatures vanquished.

Table legend:
 A = Non-vault XP
 B = Vault XP
 C = Vault XP percentage of total XP
 D = Non-vault monster count
 E = Vault monster count
 F = Vault count percentage of total count
                 A         B        C        D         E       F
            +---------+---------+-------+---------+---------+-------
      Total |     893 |     216 |  19.5 |      78 |      16 |  17.0
            +---------+---------+-------+---------+---------+-------
        D:1 |      16 |       0 |   0.0 |       7 |       0 |   0.0
        D:2 |      28 |       0 |   0.0 |      11 |       0 |   0.0
        D:3 |     142 |     212 |  59.9 |      24 |      14 |  36.8
        D:4 |     145 |       4 |   2.7 |      17 |       2 |  10.5
        D:5 |     296 |       0 |   0.0 |       5 |       0 |   0.0
        D:6 |     266 |       0 |   0.0 |      14 |       0 |   0.0
            +---------+---------+-------+---------+---------+-------

Illustrated notes

Table legend:
 A = Kills in this place as a percentage of kills in entire the game.
 B = Kills by you in this place as a percentage of kills by you in the entire game.
 C = Kills by friends in this place as a percentage of kills by friends in the entire game.
 D = Other kills in this place as a percentage of other kills in the entire game.
 E = Experience gained in this place as a percentage of experience gained in the entire game.
 F = Experience gained in this place divided by the number of levels of this place that you have seen.
                   A       B       C       D       E      F
               +-------+-------+-------+-------+-------+----------------------
         Total | 100.0 | 100.0 |   N/A |   N/A | 100.0 | 158.4
       Dungeon | 100.0 | 100.0 |   N/A |   N/A | 100.0 | 184.8
               +-------+-------+-------+-------+-------+----------------------

Table legend: (Time is in decaauts)
 A = Elapsed time spent in this place.
 B = Non-inter-level travel time spent in this place.
 C = Inter-level travel time spent in this place.
 D = Time resting spent in this place.
 E = Time spent auto-exploring this place.
 F = Levels seen in this place.
 G = Mean time per level.
                   A        B        C        D        E       F      G
               +--------+--------+--------+--------+--------+-----+--------+
         Total |   6160 |   6055 |    105 |   1161 |   4116 |   7 |  880.0 |
       Dungeon |   6150 |   6045 |    105 |   1161 |   4113 |   6 | 1025.0 |
         Abyss |     10 |     10 |      0 |      0 |      3 |   1 |   10.0 |
               +--------+--------+--------+--------+--------+-----+--------+

Top non-repeatable levels by time:
     D:3: 2005 daAuts
     D:1: 1332 daAuts
     D:6: 1147 daAuts
     D:2: 876 daAuts
     D:4: 712 daAuts
     D:5: 74 daAuts
 Abyss:1: 10 daAuts
